 Dungeon Crawl Stone Soup version 0.24.0-37-gcf1ca852f1 (webtiles) character file.

Game seed: 898468542320296837, levelgen mode: deterministic

7039 mahrnol the Grappler (level 10, -1/84 HPs)
             Began as a Troll Monk on Nov 28, 2019.
             Was an Elder of Wu Jian.
             Slain by a two-headed ogre
             ... wielding a +0 giant club
              (18 damage)
             ... on level 10 of the Dungeon.
             The game lasted 00:30:00 (6996 turns).

mahrnol the Grappler (Troll Monk)                   Turns: 6996, Time: 00:30:04

Health: -1/84      AC:  7    Str: 30    XL:     10   Next: 83%
Magic:  9/9        EV: 14    Int:  6    God:    Wu Jian [****..]
Gold:   339        SH:  0    Dex: 23    Spells: 9/9 levels left

rFire    + . .     SeeInvis .     - Unarmed
rCold    x . .     Gourm    +   (no shield)
rNeg     . . .     Faith    .   a - +0 robe
rPois    .         Spirit   .   t - +0 hat
rElec    .         Reflect  .   n - +0 cloak
rCorr    .         Harm     +   (gloves unavailable)
MR       .....     Rnd*Rage +   (boots unavailable) Stlth +++.......Rnd*Tele +
                                e - amulet of harm
HPRegen  0.64/turn              E - ring "Toxzenod" {Fire Str+8 Dex+7}
MPRegen  0.11/turn              K - ring of teleportation (curse)

@: lethally poisoned (-1 -> -1)
A: large, unfitting armour, claws 3, agile 1, berserk 1, fast metabolism 3,
frail 1, gourmand, regeneration 1, shaggy fur 1, tough skin 3
a: Wall Jump, Serpent's Lash, Renounce Religion


You were on level 10 of the Dungeon.
You worshipped Wu Jian.
Wu Jian was greatly pleased with you.
You were very full.

You visited 2 branches of the dungeon, and saw 11 of its levels.

You collected 409 gold pieces.
You spent 70 gold pieces at shops.

Inventory:

Hand Weapons
 A - a +2 trident of distortion
 G - a +1 scimitar of freezing
 H - a +2 whip of freezing
 M - a +2 shortbow of freezing
Missiles
 c - 143 bolts
 j - a throwing net (quivered)
 L - 8 boomerangs
Armour
 a - a +0 robe (worn)
 n - a +0 cloak (worn)
 t - a +0 hat (worn)
Jewellery
 d - an uncursed ring of protection from magic
 e - an amulet of harm (around neck)
 r - an uncursed ring of protection from magic
 y - a +1 ring of evasion
 C - an uncursed ring of resist corrosion
 E - the ring "Toxzenod" (left claw) {Fire Str+8 Dex+7}
   (You found it on level 6 of the Dungeon)

   [ring of fire]

   It enhances your fire magic.
   It affects your strength (+8).
   It affects your dexterity (+7).
   It protects you from fire.
   It makes you vulnerable to cold.
 K - a cursed ring of teleportation (right claw)
Wands
 v - a wand of polymorph (9)
 x - a wand of digging (4)
Scrolls
 g - 7 scrolls of remove curse
 h - a scroll of noise {unknown}
 i - 10 scrolls of teleportation {unknown}
 m - 8 scrolls of enchant armour {unknown}
 o - 4 scrolls of fog {unknown}
 p - a scroll of random uselessness {unknown}
 w - 3 scrolls of identify
 z - 2 scrolls of fear {unknown}
 D - 2 scrolls of enchant weapon {unknown}
 F - 3 scrolls of amnesia {unknown}
 J - a scroll of summoning {unknown}
Potions
 f - 2 potions of brilliance {unknown}
 k - 2 potions of magic {unknown}
 l - 5 potions of curing
 q - 2 potions of resistance {unknown}
 s - 2 potions of heal wounds
 u - a potion of ambrosia {unknown}
 B - a potion of invisibility
Comestibles
 b - 25 rations
 I - 10 chunks of flesh


   Skills:
 + Level 4.4 Fighting
 * Level 3.4 Armour
 + Level 5.9 Dodging
 + Level 4.0 Stealth
 + Level 12.7 Unarmed Combat


You had 9 spell levels left.
You didn't know any spells.
Your spell library contained the following spells:

 Spells                   Type           Power        Failure   Level  Hunger
 Beastly Appendage        Tmut           #.....       45%         1    ##.....
 Sticks to Snakes         Tmut           #.......     58%         2    ###....
 Spider Form              Tmut/Pois      #.........   83%         3    ####...
 Ice Form                 Ice/Tmut       #.......     99%         4    #####..
 Blade Hands              Tmut           #.........   100%        5    ######.


Dungeon Overview and Level Annotations

Branches:
Dungeon (10/15)            Temple (1/1) D:5            Lair (0/6) D:8
    Orc: D:9-12

Altars:
Ashenzari
Cheibriados
Dithmenos
Elyvilon
Fedhas
Gozag
Hepliaklqana
Kikubaaqudgha
Makhleb
Nemelex Xobeh
Okawaru
Qazlal
Ru
Sif Muna
Trog
Uskayaw
Vehumet
Wu Jian
Xom
Yredelemnul
Zin
The Shining One

Shops:
D:5 *   D:10 [?

Annotations:
D:9 exclusion: hornet
D:10 exclusion: killer bee


Innate Abilities, Weirdness & Mutations

You are too large for most types of armour.
You have claws for hands.
Your metabolism is lightning-fast.
You like to eat raw meat.
Your natural rate of healing is unusually fast.
You are covered in fur. (AC +1)
You have extremely tough skin. (AC +3)
You are agile. (Dex +2)
You tend to lose your temper in combat.
You are frail. (-10% HP)


Message History

You scratch the necrophage. You claw the necrophage!
You destroy the necrophage!
The Council accepts your kill.
You feel sick.
There is an open door here.
Items here: ††††††† You scratch the two-headed ogre.
The two-headed ogre is lightly wounded.
You completely miss the two-headed ogre.
The two-headed ogre is lightly wounded.
The two-headed ogre hits you with a +0 giant club!
The two-headed ogre barely misses you.
You claw the two-headed ogre!
The two-headed ogre is moderately wounded.
You feel sick.
The electric eel shoots out a bolt of lightning at you!
The bolt of electricity misses you. The bolt of electricity hits you!
* * * LOW HITPOINT WARNING * * *
The two-headed ogre hits you with a +0 giant club!
You die...

### #.#
..##+###@#####
..(....O.....#
............(#
.≈≈....≈;≈≈≈.#
......≈≈≈≈≈≈.#
......≈≈≈≈≈≈.#
....!.≈≈≈≈≈≈.#
.≈....≈≈≈≈:..#
≈≈.....≈≈....#


You could see a two-headed ogre and an electric eel.

Vanquished Creatures
  Pikel (D:7)
  Joseph (D:9)
  An elephant (D:8)
  A gargoyle (D:9)
  3 hippogriffs
  A spriggan (D:8)
  A vampire (D:9)
  3 wyverns
  2 basilisks (D:8)
  Eustachio (D:5)
  4 ice beasts
  2 sky beasts
  3 orc warriors
  A necrophage (D:10)
  6 ogres
  4 centaurs
  4 bullfrogs
  A scorpion (D:8)
  10 killer bees (D:10)
  4 howler monkeys
  5 wights (D:6)
  4 crimson imps
  A centaur zombie (D:5)
  A jelly (D:9)
  2 orc priests (D:6)
  5 hounds
  8 orc wizards
  A bullfrog skeleton (D:6)
  A centaur skeleton (D:6)
  2 iguanas
  8 worker ants
  2 worker ant zombies
  7 adders
  A shadow imp (D:5)
  An ooze (D:1)
  An adder zombie (D:8)
  3 adder skeletons
  A worm (D:3)
  4 dart slugs
  7 leopard geckos
  16 orcs
  5 giant cockroaches
  11 goblins
  13 hobgoblins
  6 jackals
  7 quokkas
  2 ball pythons (D:2)
  4 bats
  6 frilled lizards
  A jackal skeleton (D:8)
  A jackal zombie (D:8)
  7 kobolds
  A leopard gecko skeleton (D:4)
  A leopard gecko zombie (D:5)
  A quokka zombie (D:9)
  7 rats
208 creatures vanquished.

Vanquished Creatures (others)
  A hound (D:7)
1 creature vanquished.

Grand Total: 209 creatures vanquished

Notes
Turn   | Place    | Note
-------+----------+-------------------------------------------
     0 | D:1      | mahrnol the Troll Monk began the quest for the Orb.
     0 | D:1      | Reached XP level 1. HP: 22/22 MP: 0/0
    84 | D:1      | Reached XP level 2. HP: 29/29 MP: 1/1
   291 | D:1      | Reached XP level 3. HP: 35/36 MP: 2/2
   814 | D:2      | Found a burning altar of Makhleb.
   820 | D:2      | Reached skill level 4 in Unarmed Combat
   820 | D:2      | Reached XP level 4. HP: 39/44 MP: 3/3
  1500 | D:3      | Reached XP level 5. HP: 34/52 MP: 4/4
  1862 | D:4      | Noticed an ice beast
  1880 | D:4      | Killed an ice beast
  1880 | D:4      | Reached skill level 5 in Unarmed Combat
  1880 | D:4      | Reached XP level 6. HP: 37/59 MP: 5/5
  2401 | D:5      | Entered Level 5 of the Dungeon
  2413 | D:5      | Found Enloi's General Store.
  2441 | D:5      | Bought a scroll of remove curse for 42 gold pieces
  2441 | D:5      | Bought a scroll of identify for 28 gold pieces
  2472 | D:5      | Reached skill level 6 in Unarmed Combat
  2499 | D:5      | Noticed Eustachio
  2503 | D:5      | Killed Eustachio
  2503 | D:5      | Reached XP level 7. HP: 67/67 MP: 6/6
  2567 | D:5      | Reached skill level 7 in Unarmed Combat
  2721 | D:5      | Found a staircase to the Ecumenical Temple.
  2730 | Temple   | Entered the Ecumenical Temple
  2760 | Temple   | Became a worshipper of the Wu Jian Council
  2760 | Temple   | Reached * piety under Wu Jian
  2760 | Temple   | Reached ** piety under Wu Jian
  3108 | D:5      | Reached XP level 8. HP: 75/75 MP: 7/7
  3119 | D:5      | Reached skill level 8 in Unarmed Combat
  3122 | D:5      | You fall into a shaft and drop 3 floors!
  3321 | D:8      | Noticed a hippogriff
  3443 | D:6      | Reached skill level 9 in Unarmed Combat
  4045 | D:6      | Reached skill level 5 in Dodging
  4054 | D:6      | Got a glittering jade ring
  4061 | D:6      | Identified the ring "Toxzenod" {Fire Str+8 Dex+7} (You
                  | found it on level 6 of the Dungeon)
  4104 | D:6      | Reached XP level 9. HP: 75/84 MP: 8/8
  4161 | D:6      | Found a bloodstained altar of Trog.
  4163 | D:6      | Found a shimmering altar of Xom.
  4163 | D:6      | Found a radiant altar of Vehumet.
  4182 | D:6      | Reached *** piety under Wu Jian
  4182 | D:6      | Reached skill level 10 in Unarmed Combat
  4282 | D:6      | Found a white marble altar of Elyvilon.
  4282 | D:6      | Found a hazy altar of Hepliaklqana.
  4282 | D:6      | Found a shimmering altar of Xom.
  4750 | D:7      | Noticed Pikel
  4760 | D:7      | Killed Pikel
  4762 | D:7      | Reached skill level 11 in Unarmed Combat
  4846 | D:7      | Found a sacrificial altar of Ru.
  5215 | D:8      | Found a staircase to the Lair.
  5217 | D:8      | Noticed an elephant
  5227 | D:8      | Reached skill level 1 in Armour
  5296 | D:8      | Killed an elephant
  5296 | D:8      | Reached XP level 10. HP: 89/92 MP: 9/9
  6100 | D:9      | Noticed a gargoyle
  6106 | D:9      | Killed a gargoyle
  6372 | D:9      | Reached skill level 12 in Unarmed Combat
  6545 | D:10     | Entered Level 10 of the Dungeon
  6546 | D:10     | Noticed Joseph
  6578 | D:9      | HP: 3/93 [something (7)]
  6579 | D:9      | Killed Joseph
  6719 | D:8      | Gained mutation: You occasionally shout uncontrollably at
                  | your foes. [potion of mutation]
  6719 | D:8      | Gained mutation: You possess an exceptional clarity of
                  | mind. [potion of mutation]
  6719 | D:8      | Gained mutation: Your mind is acute. (Int +2) [potion of
                  | mutation]
  6720 | D:8      | Lost mutation: You possess an exceptional clarity of mind.
                  | [potion of mutation]
  6720 | D:8      | Lost mutation: You occasionally shout uncontrollably at
                  | your foes. [potion of mutation]
  6720 | D:8      | Lost mutation: Your mind is acute. (Int +2) [potion of
                  | mutation]
  6720 | D:8      | Gained mutation: Your body sometimes deteriorates upon
                  | taking damage. [potion of mutation]
  6720 | D:8      | Gained mutation: You are robust. (+10% HP) [potion of
                  | mutation]
  6720 | D:8      | Gained mutation: You have a pair of small antennae on your
                  | head. [potion of mutation]
  6721 | D:8      | Lost mutation: You have a pair of small antennae on your
                  | head. [potion of mutation]
  6721 | D:8      | Lost mutation: You are robust. (+10% HP) [potion of
                  | mutation]
  6721 | D:8      | Lost mutation: Your body sometimes deteriorates upon taking
                  | damage. [potion of mutation]
  6721 | D:8      | Gained mutation: Your body sometimes deteriorates upon
                  | taking damage. [potion of mutation]
  6721 | D:8      | Gained mutation: You expend magic power (3 MP) to
                  | strengthen your wands. [potion of mutation]
  6722 | D:8      | Lost mutation: Your body sometimes deteriorates upon taking
                  | damage. [potion of mutation]
  6722 | D:8      | Lost mutation: You expend magic power (3 MP) to strengthen
                  | your wands. [potion of mutation]
  6722 | D:8      | Gained mutation: You are frail. (-10% HP) [potion of
                  | mutation]
  6722 | D:8      | Gained mutation: You tend to lose your temper in combat.
                  | [potion of mutation]
  6722 | D:8      | Gained mutation: You are agile. (Dex +2) [potion of
                  | mutation]
  6767 | D:10     | Reached **** piety under Wu Jian
  6772 | D:10     | Found Xizoug's Antique Armour Shoppe.
  6839 | D:10     | Found Efipni's Magic Scroll Shop.
  6987 | D:10     | Noticed a two-headed ogre
  6996 | D:10     | Slain by a two-headed ogre

Levels and vault maps discovered:
D:1:      lightli_arrival_noodles, layout_rooms
D:2:      layout_loops_cross, makhleb_heckhound_becter
D:3:      layout_basic, first_ration
D:4:      layout_rooms, corexii_hall_statues_x, minmay_ruptured
D:5:      layout_basic, minmay_temple_entry_slanted, serial_shops,
          nicolae_shop_temple_entry_statues_fountains, serial_rivers,
          chequers_serial_rivers_room_b, chequers_serial_rivers_micro_c,
          chequers_serial_rivers_micro_c, chequers_serial_rivers_micro_c,
          chequers_serial_rivers_small_b, chequers_serial_rivers_micro_d,
          uniq_eustachio
D:6:      layout_loops_corners, doesnt_xom_only_xom, grunt_ministairs_9
D:7:      layout_cave_pools, nicolae_ru_awakened_eye, uniq_pikel
D:8:      layout_basic, david_lair_generic, grunt_pizzeria
D:9:      layout_long_grid, skrybe_limestone_x
D:10:     layout_basic, minmay_orc_entry_temple_small, serial_shops,
          kennysheep_mini, nicolae_shop_temple_entry_statues_fountains,
          uniq_joseph
Temple:   nicolae_temple_the_god_donut

Skill      XL: |  1  2  3  4  5  6  7  8  9 10 |
---------------+-------------------------------+-----
Dodging        | 3 4 5 |  5.9
Unarmed Combat | 4 5 6 7 9 11 12 | 12.7
Fighting       | 3 4 |  4.4
Stealth        | 2 3 4 |  4.0
Armour         | 1 3 |  3.4

Action                   |  1- 3 |  4- 6 |  7- 9 | 10-12 || total
-------------------------+-------+-------+-------+-------++-------
Melee: Unarmed           |    91 |   144 |   242 |   129 ||   606
       Punch             |     1 |     2 |    15 |    19 ||    37
Invok: Whirlwind         |       |       |     9 |    16 ||    25
       Lunge             |       |       |    15 |    13 ||    28
 Abil: Wall Jump         |       |       |     3 |       ||     3
  Use: Scroll            |       |       |       |     4 ||     4
       Potion            |       |       |       |     4 ||     4
 Stab: Sleeping          |     4 |     2 |     4 |     3 ||    13
       Distracted        |       |       |     2 |       ||     2
  Eat: Chunk             |    13 |    15 |    26 |    15 ||    69
Armor: Robe              |    19 |    33 |    43 |    12 ||   107
Dodge: Dodged            |    48 |    67 |    92 |    69 ||   276
